 Dungeon Crawl Stone Soup version 0.30-a0-715-gdb4ae3ece1 (webtiles) character file.

Game seed: 3978468461710440019

447 Darius099 the Covered (level 7, -7/44 HPs)
             Began as a Gargoyle Fighter on Jan 23, 2023.
             Mangled by an ogre
             ... wielding a +0 giant spiked club
              (19 damage)
             ... on level 4 of the Dungeon.
             The game lasted 00:05:54 (2539 turns).

Darius099 the Covered (Gargoyle Fighter)            Turns: 2539, Time: 00:05:54

Health: -7/44      AC: 14    Str: 19    XL:     7   Next: 3%
Magic:  7/7        EV: 10    Int:  9    God:
Gold:   228        SH:  5    Dex: 11    Spells: 6/6 levels left

rFire   . . .      SeeInvis .    a - +0 flail
rCold   . . .      Faith    .    c - +0 buckler
rNeg    + . .      Spirit   .    b - +0 scale mail
rPois   ∞          Reflect  .    (no helmet)
rElec   +          Harm     .    (no cloak)
rCorr   .          Rampage  .    w - +0 pair of gloves
Will    .....                    f - +0 pair of boots Stlth
                                 (no amulet)
HPRegen 0.27/turn                (no ring)
MPRegen 0.10/turn                (no ring)

@: studying Armour
A: sickness immunity, AC +4, negative energy resistance 1, electricity
resistance, torment resistance 1, petrification resistance
a: no special abilities


You were on level 4 of the Dungeon.
You visited 1 branch of the dungeon, and saw 4 of its levels.

You collected 228 gold pieces.

Inventory:

Hand Weapons
 a - a +0 flail (weapon)
Armour
 b - a +0 scale mail (worn)
 c - a +0 buckler (worn)
 f - a +0 pair of boots (worn)
 w - a +0 pair of gloves (worn)
Wands
 u - a wand of acid (13)
Scrolls
 e - a scroll of acquirement {unknown}
 i - 2 scrolls of enchant weapon {unknown}
 k - a scroll of magic mapping {unknown}
 l - 2 scrolls of identify {unknown}
 m - a scroll of torment {unknown}
 n - a scroll of enchant armour {unknown}
 q - a scroll of fog {unknown}
 r - a scroll of teleportation {unknown}
 s - a scroll of silence {unknown}
 x - a scroll of butterflies {unknown}
Potions
 d - 3 potions of might
 g - 2 potions of heal wounds {unknown}
 h - a potion of flight {unknown}
 j - 2 potions of lignification {unknown}
 o - a potion of curing {unknown}
 p - a potion of brilliance {unknown}
 t - a potion of resistance {unknown}
 v - a potion of attraction {unknown}


   Skills:
 + Level 4.7 Fighting
 + Level 3.8 Maces & Flails
 + Level 5.8 Armour
 + Level 2.0 Dodging
 + Level 4.8 Shields


You had 6 spell levels left.
You didn't know any spells.
Your spell library contained the following spells:

 Spells                   Type           Power      Damage    Failure   Level
 Beastly Appendage        Tmut           0%         N/A       82%         1
 Wereblood                Tmut           0%         N/A       91%         2
 Spider Form              Tmut/Pois      0%         N/A       99%         3


Dungeon Overview and Level Annotations

Branches:
Dungeon (4/15)
 Temple: D:4-7

Altars:


Innate Abilities, Weirdness & Mutations

You are immune to sickness and miasma.
Your stone body is resilient. (AC +4)
You are immune to poison.
You resist negative energy. (rN+)
You are resistant to electric shocks. (rElec)
You are resistant to unholy torment.
You are immune to petrification.


Message History

You miss the adder.
The adder is almost dead.
You block the ball python's attack. The ball python constricts you.
The adder bites you.
The ball python bites you but does no damage.
The ball python constricts you. The adder bites you but does no damage.
You miss the adder.
The adder is almost dead.
The adder bites you. The ball python barely misses you.
The ball python constricts you.
You barely miss the adder.
The adder is almost dead.
The adder completely misses you. The ball python bites you.
The ball python constricts you. The adder bites you but does no damage.
You block the ball python's attack. The ball python constricts you.
You hit the ball python.
You kill the ball python!
The adder bites you but does no damage. The adder closely misses you.
The adder attacks as you move away! The adder bites you but does no damage.
You see here a ball python corpse.
The adder attacks as you move away! The adder completely misses you.
You hit the adder.
The adder is almost dead.
The adder bites you but does no damage. You block the adder's attack.
You sock the adder!
You kill the adder!
A dart slug comes into view.
Found a lumpy amethyst potion.
The dart slug briefly extends its eye-stalks.
An ogre comes into view. It is wielding a +0 giant spiked club.
The ogre shouts!
The dart slug launches a dart at you. The slug dart hits you.
The dart slug launches a dart at you. The slug dart hits you.
* * * LOW HITPOINT WARNING * * *
You see here a scroll labelled XOUL YDDACARU.
x - a scroll labelled XOUL YDDACARU The ogre hits you with a +0 giant spiked club!!
You die...

##. ##. ..#. ..#
..... #.###.....
####.#.....
#####.....w.!.
#.....##...# .
#.....#...###.... .
#........@O......
....#.†...###.###....
.......).<.# #.# ..
.>...####### #.#
..... #.# .... #.#
.... ... ... ...


You could see an ogre and a dart slug.

Vanquished Creatures
  Sigmund (D:2)
  A black bear (D:3)
  Blork the orc (D:4)
  4 adders
  A worm (D:3)
  A dart slug (D:1)
  5 orcs (D:3)
  7 ball pythons
  6 endoplasms
  4 giant cockroaches (D:1)
  7 hobgoblins
  6 jackals (D:1)
  6 kobolds
  4 quokkas
  7 bats
  3 frilled lizards
  8 goblins
  11 rats
83 creatures vanquished.

Notes
Turn   | Place    | Note
-------+----------+-------------------------------------------
     0 | D:1      | Darius099 the Gargoyle Fighter began the quest for the Orb.
     0 | D:1      | Reached XP level 1. HP: 14/14 MP: 1/1
    73 | D:1      | Reached XP level 2. HP: 17/19 MP: 2/2
   359 | D:1      | Reached XP level 3. HP: 22/23 MP: 3/3
   857 | D:2      | Noticed Sigmund
   984 | D:2      | Killed Sigmund
   985 | D:2      | Reached skill level 4 in Armour
   985 | D:2      | Reached skill level 1 in Dodging
   985 | D:2      | Reached XP level 4. HP: 9/29 MP: 4/4
   985 | D:2      | Reached XP level 5. HP: 10/33 MP: 5/5
  1162 | D:2      | Reached skill level 5 in Armour
  1410 | D:2      | Reached XP level 6. HP: 37/39 MP: 6/6
  1797 | D:3      | Noticed a black bear
  2138 | D:3      | Killed a black bear
  2507 | D:4      | Noticed Blork the orc
  2515 | D:4      | Killed Blork the orc
  2516 | D:4      | Reached XP level 7. HP: 23/44 MP: 7/7
  2539 | D:4      | Mangled by an ogre

Illustrated notes

Levels and vault maps discovered:
D:1:      amcnicky_arrival_flooded_fountain, layout_loops_cross,
          minmay_heptomino_o4
D:2:      layout_rooms, minmay_misc_feat_enclosed, serial_park_tiny_pond,
          uniq_sigmund
D:3:      layout_loops_ring, kennysheep_generic_room_11
D:4:      layout_rooms, grunt_temple_overflow_open, general_overflow_altar,
          uniq_blork_the_orc

Skill      XL: |  1  2  3  4  5  6 |
---------------+-------------------+-----
Fighting       | 4 |  4.7
Maces & Flails | 3 |  3.8
Armour         | 4 5 |  5.8
Dodging        | 1 2 |  2.0
Shields        | 4 |  4.8

Action                     |  1- 3 |  4- 6 |  7- 9 || total
---------------------------+-------+-------+-------++-------
  Melee: Flail             |   168 |   135 |    12 ||   315
 Armour: Scale mail        |   117 |   115 |    19 ||   251
  Dodge: Dodged            |    99 |    99 |     6 ||   204
  Block: Buckler           |    40 |    53 |     5 ||    98

Table legend: (Time is in decaauts)
 A = Elapsed time spent in this place.
 B = Non-inter-level travel time spent in this place.
 C = Inter-level travel time spent in this place.
 D = Time resting spent in this place.
 E = Time spent auto-exploring this place.
 F = Levels seen in this place.
 G = Mean time per level.
                   A        B        C        D        E       F      G
               +--------+--------+--------+--------+--------+-----+--------+
         Total |   2632 |   2600 |     32 |    329 |   1408 |   4 |  658.0 |
       Dungeon |   2632 |   2600 |     32 |    329 |   1408 |   4 |  658.0 |
               +--------+--------+--------+--------+--------+-----+--------+

Top non-repeatable levels by time:
     D:3: 984 daAuts
     D:1: 950 daAuts
     D:2: 660 daAuts
     D:4: 36 daAuts
